SAA
PHOENIX HOTSPUR YOUTH @ LONG ISLAND SEAWOLVES
08/22/2025
 
TOP OF THE 1ST
Phoenix Hotspur Youth batting - Pitching for Long Island Seawolves : RHP Lorenzo Fabián
Pitching: RHP Lorenzo Fabián
Batting: LHB Derek Blair 0-0: Ball
1-0: Bunted foul
1-1: Ball
2-1: Foul Ball, location: 2F
2-2: Foul Ball, location: 2F
2-2: Ball
3-2: Base on Balls
Batting: LHB Richard Alpert 0-0: SINGLE (Groundball, 56D)
Derek Blair to second
Batting: LHB Luis Díaz 0-0: Ball
1-0: Ball
2-0: Foul Ball, location: 2F
2-1: Ball
3-1: Called Strike
3-2: Base on Balls
Derek Blair to third
Richard Alpert to second
Batting: SHB Jim Unknown 0-0: Ball
1-0: Foul Ball, location: 2F
1-1: Ball
2-1: Foul Ball, location: 2F
2-2: Foul Ball, location: 2F
2-2: Strikes out swinging
Batting: RHB Bob Curry 0-0: Called Strike
0-1: Called Strike
0-2: Ball
1-2: Ball
2-2: Ball
3-2: Fly out, F8 (Flyball, 8RM)
Runner from 3rd tags up, SCORES, no throw
Batting: RHB Ed Sharp 0-0: Swinging Strike
0-1: Fielders Choice at 2nd, 6-4 (Groundball, 6)
Top of the 1st over - 1 run(s), 1 hit(s), 0 error(s), 1 left on base; Phoenix Hotspur 1 - Long Island 0
BOTTOM OF THE 1ST
Long Island Seawolves batting - Pitching for Phoenix Hotspur Youth : RHP Miguel Aguilar
Pitching: RHP Miguel Aguilar
Batting: LHB Joe Sutton 0-0: Called Strike
0-1: Foul Ball, location: 2F
0-2: Foul Ball, location: 2F
0-2: Ball
1-2: Foul Ball, location: 2F
1-2: SINGLE (Groundball, 34D)
Batting: LHB Keith Alexander 0-0: DOUBLE (Flyball, 7LM)
Joe Sutton to third
Runner from 3rd tries for Home, SAFE, no throw
Batting: RHB José Magana 0-0: Called Strike
0-1: Fly out, F9 (Line Drive, 9)
Batting: RHB Jim Unknown 0-0: SINGLE (Groundball, 56D)
Keith Alexander to third
Runner from 3rd tries for Home, SAFE, throw made home
Jim Unknown to second
Batting: RHB Arturo Morales 0-0: Ball
1-0: Called Strike
1-1: Called Strike
1-2: Foul Ball, location: 2F
1-2: Strikes out looking
Batting: RHB Jim Unknown 0-0: Called Strike
0-1: Ball
1-1: Swinging Strike
1-2: Foul Ball, location: 2F
1-2: DOUBLE (Flyball, 78D)
Jim Unknown scores
Batting: RHB Sang Hong-Do 0-0: Ball
1-0: Ball
2-0: Called Strike
2-1: Ground out 6-3 (Groundball, 6)
Bottom of the 1st over - 3 run(s), 4 hit(s), 0 error(s), 1 left on base; Phoenix Hotspur 1 - Long Island 3
TOP OF THE 2ND
Phoenix Hotspur Youth batting - Pitching for Long Island Seawolves : RHP Lorenzo Fabián
Batting: RHB Billy Strauss 0-0: SINGLE (Line Drive, 89S)
Batting: RHB Carl Tucker 0-0: Ball
1-0: Called Strike
1-1: Ball
2-1: Ball
3-1: Base on Balls
Billy Strauss to second
Batting: RHB Ángel Guardado 0-0: Swinging Strike
0-1: Foul Ball, location: 2F
0-2: Foul Ball, location: 2F
0-2: Foul Ball, location: 2F
0-2: SINGLE (Groundball, 6MD)
Billy Strauss to third
Carl Tucker to second
Batting: LHB Derek Blair 0-0: Fly out, F3 (Popup, 34)
Batting: LHB Richard Alpert 0-0: Called Strike
0-1: SINGLE (Groundball, 6MD)
Billy Strauss scores
Carl Tucker to third
Ángel Guardado to second
Runner from 3rd tries for Home, SAFE, throw made home
Ángel Guardado to third
Richard Alpert to second
Batting: LHB Luis Díaz 0-0: Ball
1-0: Ball
2-0: DOUBLE (Flyball, 7LD)
Ángel Guardado scores
Richard Alpert scores
Batting: SHB Jim Unknown 0-0: Fly out, F7 (Flyball, 7S)
Batting: RHB Bob Curry 0-0: Ball
1-0: Foul Ball, location: 2F
1-1: Ball
2-1: Foul Ball, location: 2F
2-2: Foul Ball, location: 2F
2-2: SINGLE (Line Drive, 56)
Luis Díaz to third
Runner from 3rd tries for Home, SAFE, no throw
Batting: RHB Ed Sharp 0-0: Called Strike
0-1: Ball
1-1: Ball
2-1: Ball
3-1: Called Strike
3-2: Base on Balls
Bob Curry to second
Batting: RHB Billy Strauss 0-0: DOUBLE (Line Drive, 78D)
Bob Curry scores
Ed Sharp to third
Runner from 3rd tries for Home, SAFE, no throw
Pitching: RHP Jim Unknown
Batting: RHB Carl Tucker 0-0: Foul Ball, location: 2F
0-1: Called Strike
0-2: Strikes out swinging
Top of the 2nd over - 7 run(s), 6 hit(s), 0 error(s), 1 left on base; Phoenix Hotspur 8 - Long Island 3
BOTTOM OF THE 2ND
Long Island Seawolves batting - Pitching for Phoenix Hotspur Youth : RHP Miguel Aguilar
Batting: SHB Britt Ducker 0-0: Ball
1-0: Ground out 6-3 (Groundball, 6S)
Batting: RHB Geoffrey Broekhuizen 0-0: Called Strike
0-1: Ball
1-1: Ball
2-1: Ball
3-1: Base on Balls
Batting: LHB Joe Sutton 0-0: Swinging Strike
0-1: Foul Ball, location: 2F
0-2: Foul Ball, location: 2F
0-2: Ball
1-2: Fly out, F9 (Flyball, 9S)
Batting: LHB Keith Alexander 0-0: Foul Ball, location: 2F
0-1: Ball
Wild Pitch!
Geoffrey Broekhuizen to second
1-1: Foul Ball, location: 2F
1-2: Ground out 6-3 (Groundball, 6)
Bottom of the 2nd over - 0 run(s), 0 hit(s), 0 error(s), 1 left on base; Phoenix Hotspur 8 - Long Island 3
TOP OF THE 3RD
Phoenix Hotspur Youth batting - Pitching for Long Island Seawolves : RHP Jim Unknown
Batting: RHB Ángel Guardado 0-0: Called Strike
0-1: Called Strike
0-2: Ground out 5-3 (Groundball, 25)
Batting: LHB Derek Blair 0-0: Called Strike
0-1: Called Strike
0-2: Strikes out swinging
Batting: LHB Richard Alpert 0-0: Ball
1-0: Called Strike
1-1: Called Strike
1-2: Foul Ball, location: 2F
1-2: Strikes out swinging, 2-3 out at first.
Top of the 3rd over - 0 run(s), 0 hit(s), 0 error(s), 0 left on base; Phoenix Hotspur 8 - Long Island 3
BOTTOM OF THE 3RD
Long Island Seawolves batting - Pitching for Phoenix Hotspur Youth : RHP Miguel Aguilar
Batting: RHB José Magana 0-0: Called Strike
0-1: Ball
1-1: Ball
2-1: Ball
3-1: Ground out 4-3 (Groundball, 4)
Batting: RHB Jim Unknown 0-0: Ball
1-0: Ball
2-0: Ball
3-0: Called Strike
3-1: Ground out 6-3 (Groundball, 6)
Batting: RHB Arturo Morales 0-0: Ball
1-0: Ball
2-0: Called Strike
2-1: Foul Ball, location: 2F
2-2: Foul Ball, location: 2F
2-2: Fly out, F9 (Flyball, 9LSF)
Bottom of the 3rd over - 0 run(s), 0 hit(s), 0 error(s), 0 left on base; Phoenix Hotspur 8 - Long Island 3
TOP OF THE 4TH
Phoenix Hotspur Youth batting - Pitching for Long Island Seawolves : RHP Jim Unknown
Batting: LHB Luis Díaz 0-0: Ball
1-0: Foul Ball, location: 2F
1-1: Ground out 6-3 (Groundball, 6S)
Batting: SHB Jim Unknown 0-0: Ball
1-0: Called Strike
1-1: Foul Ball, location: 2F
1-2: Foul Ball, location: 2F
1-2: Fly out, F9 (Flyball, 9LMF)
Batting: RHB Bob Curry 0-0: Ball
1-0: Called Strike
1-1: Ground out 6-3 (Groundball, 6)
Top of the 4th over - 0 run(s), 0 hit(s), 0 error(s), 0 left on base; Phoenix Hotspur 8 - Long Island 3
BOTTOM OF THE 4TH
Long Island Seawolves batting - Pitching for Phoenix Hotspur Youth : RHP Miguel Aguilar
Batting: RHB Jim Unknown 0-0: Ball
1-0: Ball
2-0: Foul Ball, location: 2F
2-1: Foul Ball, location: 2F
2-2: SINGLE (Flyball, 8RS)
Batting: RHB Sang Hong-Do 0-0: Swinging Strike
0-1: Foul Ball, location: 2F
0-2: Strikes out swinging
Batting: SHB Britt Ducker 0-0: Fly out, F9 (Flyball, 9LMF)
Batting: RHB Geoffrey Broekhuizen 0-0: Ball
1-0: Ground out 6-3 (Groundball, 6)
Bottom of the 4th over - 0 run(s), 1 hit(s), 0 error(s), 1 left on base; Phoenix Hotspur 8 - Long Island 3
TOP OF THE 5TH
Phoenix Hotspur Youth batting - Pitching for Long Island Seawolves : RHP Jim Unknown
Batting: RHB Ed Sharp 0-0: Swinging Strike
0-1: Foul Ball, location: 2F
0-2: Foul Ball, location: 2F
0-2: Strikes out swinging
Batting: RHB Billy Strauss 0-0: Fly out, F7 (Flyball, 7D)
Batting: RHB Carl Tucker 0-0: Called Strike
0-1: Foul Ball, location: 2F
0-2: Ground out 4-3 (Groundball, 4)
Top of the 5th over - 0 run(s), 0 hit(s), 0 error(s), 0 left on base; Phoenix Hotspur 8 - Long Island 3
BOTTOM OF THE 5TH
Long Island Seawolves batting - Pitching for Phoenix Hotspur Youth : RHP Miguel Aguilar
Batting: LHB Joe Sutton 0-0: Ground out U3 (Groundball, 34)
Batting: LHB Keith Alexander 0-0: Ball
1-0: Called Strike
1-1: Called Strike
1-2: Hit by Pitch
Batting: RHB José Magana 0-0: Ball
1-0: Ball
Keith Alexander is caught stealing 2nd base
2-0: Foul Ball, location: 2F
2-1: Called Strike
2-2: Ball
3-2: Base on Balls
Batting: RHB Jim Unknown 0-0: Called Strike
0-1: Swinging Strike
0-2: Strikes out swinging
Bottom of the 5th over - 0 run(s), 0 hit(s), 0 error(s), 1 left on base; Phoenix Hotspur 8 - Long Island 3
TOP OF THE 6TH
Phoenix Hotspur Youth batting - Pitching for Long Island Seawolves : RHP Jim Unknown
Batting: RHB Ángel Guardado 0-0: Ball
1-0: Ball
2-0: Foul Ball, location: 2F
2-1: Foul Ball, location: 2F
2-2: SOLO HOME RUN (Flyball, 9D), Distance : 355 ft
Batting: LHB Derek Blair 0-0: SINGLE (Groundball, 4S) (infield hit)
Batting: LHB Richard Alpert 0-0: Ball
1-0: SINGLE (Line Drive, 4MD)
Derek Blair to second
Batting: LHB Luis Díaz 0-0: Ball
1-0: Grounds into double play, 6-4-3 (Groundball, 6)
Derek Blair to third
Batting: SHB Jim Unknown 0-0: Foul Ball, location: 2F
0-1: Ground out 5-3 (Groundball, 56S)
Top of the 6th over - 1 run(s), 3 hit(s), 0 error(s), 1 left on base; Phoenix Hotspur 9 - Long Island 3
BOTTOM OF THE 6TH
Long Island Seawolves batting - Pitching for Phoenix Hotspur Youth : RHP Miguel Aguilar
Batting: RHB Arturo Morales 0-0: Called Strike
0-1: Foul Ball, location: 2F
0-2: Ball
1-2: Ball
2-2: Ball
3-2: SINGLE (Groundball, 6MD)
Batting: RHB Jim Unknown 0-0: Ball
1-0: Foul Ball, location: 2F
1-1: Foul Ball, location: 2F
1-2: Ball
2-2: Foul Ball, location: 2F
2-2: Strikes out swinging
Batting: RHB Sang Hong-Do 0-0: Called Strike
Arturo Morales steals 2nd base
0-1: Fly out, F7 (Flyball, 78M)
Batting: SHB Britt Ducker 0-0: Ground out 4-3 (Groundball, 4)
Bottom of the 6th over - 0 run(s), 1 hit(s), 0 error(s), 1 left on base; Phoenix Hotspur 9 - Long Island 3
TOP OF THE 7TH
Phoenix Hotspur Youth batting - Pitching for Long Island Seawolves : RHP Jim Unknown
Batting: RHB Bob Curry 0-0: Ball
1-0: Called Strike
1-1: Ball
2-1: Foul Ball, location: 2F
2-2: Strikes out swinging
Batting: RHB Ed Sharp 0-0: Called Strike
0-1: Ball
1-1: Ball
2-1: Foul Ball, location: 2F
2-2: Strikes out swinging
Batting: RHB Billy Strauss 0-0: Called Strike
0-1: Ground out 5-3 (Groundball, 5)
Top of the 7th over - 0 run(s), 0 hit(s), 0 error(s), 0 left on base; Phoenix Hotspur 9 - Long Island 3
BOTTOM OF THE 7TH
Long Island Seawolves batting - Pitching for Phoenix Hotspur Youth : RHP Miguel Aguilar
Batting: RHB Geoffrey Broekhuizen 0-0: Ball
1-0: Called Strike
1-1: Ball
2-1: Foul Ball, location: 2F
2-2: Foul Ball, location: 2F
2-2: Foul Ball, location: 2F
2-2: Foul Ball, location: 2F
2-2: Foul Ball, location: 2F
2-2: Ground out 6-3 (Groundball, 6)
Batting: LHB Joe Sutton 0-0: Ball
1-0: Swinging Strike
1-1: Ball
2-1: Foul Ball, location: 2F
2-2: Ball
3-2: Strikes out swinging
Batting: LHB Keith Alexander 0-0: Called Strike
0-1: Ball
1-1: Foul Ball, location: 2F
1-2: Ball
2-2: Fly out, F9 (Flyball, 9S)
Bottom of the 7th over - 0 run(s), 0 hit(s), 0 error(s), 0 left on base; Phoenix Hotspur 9 - Long Island 3
TOP OF THE 8TH
Phoenix Hotspur Youth batting - Pitching for Long Island Seawolves : RHP Jim Unknown
Pitching: RHP Jim Unknown
Batting: RHB Carl Tucker 0-0: Ball
1-0: Ground out 4-3 (Groundball, 4)
Batting: RHB Ángel Guardado 0-0: Ball
1-0: Ball
2-0: Fly out, F4 (Flyball, 4MD)
Batting: LHB Derek Blair 0-0: Fly out, F8 (Flyball, 8LS)
Top of the 8th over - 0 run(s), 0 hit(s), 0 error(s), 0 left on base; Phoenix Hotspur 9 - Long Island 3
BOTTOM OF THE 8TH
Long Island Seawolves batting - Pitching for Phoenix Hotspur Youth : RHP Miguel Aguilar
Pitching: LHP Cobus Reijnen
Now at 2B: Kenny Scott
Batting: RHB José Magana 0-0: Ball
1-0: Called Strike
1-1: Ball
2-1: Foul Ball, location: 2F
2-2: Ball
3-2: Foul Ball, location: 2F
3-2: Strikes out swinging
Batting: RHB Jim Unknown 0-0: Ground out 6-3 (Groundball, 6)
Batting: RHB Arturo Morales 0-0: Ball
1-0: Ball
2-0: Called Strike
2-1: Foul Ball, location: 2F
2-2: Ball
3-2: Base on Balls
Batting: RHB Jim Unknown 0-0: Swinging Strike
0-1: SINGLE (Groundball, 4MD)
Arturo Morales to second
Batting: RHB Sang Hong-Do 0-0: Foul Ball, location: 2F
0-1: Ball
1-1: Called Strike
1-2: Foul Ball, location: 2F
1-2: Strikes out swinging
Bottom of the 8th over - 0 run(s), 1 hit(s), 0 error(s), 2 left on base; Phoenix Hotspur 9 - Long Island 3
TOP OF THE 9TH
Phoenix Hotspur Youth batting - Pitching for Long Island Seawolves : RHP Jim Unknown
Pitching: LHP Jim Unknown
Batting: LHB Richard Alpert 0-0: Ball
1-0: Fly out, F9 (Flyball, 9)
Pitching: RHP Tommy Middleton
Batting: LHB Luis Díaz 0-0: Called Strike
0-1: SINGLE (Line Drive, 6D)
Batting: SHB Jim Unknown 0-0: Called Strike
0-1: Ball
1-1: Ball
2-1: Fly out, F7 (Flyball, 78D)
Batting: RHB Bob Curry 0-0: Ball
1-0: Ball
2-0: Fly out, F9 (Flyball, 9S)
Top of the 9th over - 0 run(s), 1 hit(s), 0 error(s), 1 left on base; Phoenix Hotspur 9 - Long Island 3
BOTTOM OF THE 9TH
Long Island Seawolves batting - Pitching for Phoenix Hotspur Youth : LHP Cobus Reijnen
Batting: SHB Britt Ducker 0-0: Called Strike
0-1: Swinging Strike
0-2: DOUBLE (Line Drive, 8LD)
Batting: RHB Geoffrey Broekhuizen 0-0: Ball
1-0: Called Strike
1-1: Foul Ball, location: 2F
1-2: Strikes out swinging
Batting: LHB Joe Sutton 0-0: Ball
1-0: Ball
2-0: Ball
3-0: Base on Balls
Batting: LHB Keith Alexander 0-0: Called Strike
0-1: Ball
1-1: Ball
2-1: Ball
3-1: Foul Ball, location: 2F
3-2: Base on Balls
Britt Ducker to third
Joe Sutton to second
Batting: RHB José Magana 0-0: Ball
1-0: Ball
2-0: Ball
3-0: Base on Balls
Britt Ducker scores
Joe Sutton to third
Keith Alexander to second
Pitching: RHP Alexander Weareorwear
Batting: RHB Jim Unknown 0-0: Ball
1-0: Fly out, F9 (Flyball, 9LMF)
Runner from 3rd tags up, SCORES, no throw
Batting: RHB Arturo Morales 0-0: Called Strike
0-1: Foul Ball, location: 2F
0-2: Ball
1-2: Ball
2-2: Strikes out swinging
Bottom of the 9th over - 2 run(s), 1 hit(s), 0 error(s), 2 left on base; Phoenix Hotspur 9 - Long Island 5
Friday, December 30th, 2016 - OOTP Baseball 17.12 Build 75